 Dungeon Crawl Stone Soup version 0.24.0-13-gcf9b319 (webtiles) character file.

Game seed: 15212675081547305258, levelgen mode: deterministic

66 Bronimir the Ogre Mage (level 4, 0/40 HPs)
             Began as an Ogre Wizard on Mar 28, 2020.
             Succumbed to an adder's poison
             ... on level 2 of the Dungeon.
             The game lasted 00:06:40 (2713 turns).

Bronimir the Ogre Mage (Ogre Wizard)                Turns: 2713, Time: 00:06:41

Health: 0/40       AC:  3    Str: 17    XL:     4   Next: 15%
Magic:  5/10       EV: 10    Int: 19    God:
Gold:   116        SH:  0    Dex:  7    Spells: 2/12 levels left

rFire    . . .     SeeInvis .   j - -2 spear (curse)
rCold    . . .     Gourm    .   (no shield)
rNeg     . . .     Faith    .   c - +0 robe
rPois    .         Spirit   .   b - +0 hat
rElec    .         Reflect  .   (no cloak)
rCorr    .         Harm     .   (gloves unavailable)
MR       .....                  (boots unavailable)
Stlth    +.........             (no amulet)
HPRegen  0.13/turn              (no ring)
MPRegen  0.12/turn              (no ring)

@: mighty, lethally poisoned (0 -> -8), very slightly contaminated, lightly
drained
A: large, unfitting armour, tough skin 1
a: no special abilities


You were on level 2 of the Dungeon.
You were not hungry.

You visited 1 branch of the dungeon, and saw 2 of its levels.

You collected 116 gold pieces.

Inventory:

Hand Weapons
 a - a +0 hand axe
 f - a +0 spear
 g - a +0 whip
 j - a cursed -2 spear (weapon)
 n - a +0 trident
Missiles
 e - 35 stones
 l - 20 bolts
 m - 12 poisoned darts (quivered)
Armour
 b - a +0 hat (worn)
 c - a +0 robe (worn)
Jewellery
 h - a +4 ring of evasion {unknown}
Comestibles
 d - 2 rations


   Skills:
 + Level 0.8(0.5) Fighting
 + Level 0.7(0.4) Axes
 + Level 0.1(0.0) Throwing
 + Level 2.1(1.8) Dodging
 - Level 1.4(1.1) Stealth
 * Level 4.8(4.5) Spellcasting
 * Level 1.3(1.0) Conjurations
 + Level 0.8(0.5) Summonings
 + Level 0.8(0.5) Translocations


You had 2 spell levels left.
You knew the following spells:

 Your Spells              Type           Power        Failure   Level  Hunger
a - Magic Dart            Conj           #...         9%          1    None
b - Blink                 Tloc           N/A          16%         2    #......
c - Call Imp              Summ           #.......     16%         2    #......
d - Slow                  Hex            #.......     21%         2    #......
e - Mephitic Cloud        Conj/Pois/Air  #.......     34%         3    ###....

Your spell library contained the following spells:

 Spells                   Type           Power        Failure   Level  Hunger
 Conjure Flame            Conj/Fire      #.......     32%         3    ###....


Dungeon Overview and Level Annotations

Branches:
Dungeon (2/15)

Altars:
Wu Jian


Innate Abilities, Weirdness & Mutations

You are too large for most types of armour.
You have tough skin. (AC +1)


Message History

Aim: an adder (almost dead)
The magic dart hits the adder.
You kill the adder!
* * * LOW HITPOINT WARNING * * *
You feel sick.
There is a lethal amount of poison in your body!
* * * LOW HITPOINT WARNING * * *
You feel sick.
Found a scroll labeled ECVEIW TAHIEDGH.
* * * LOW HITPOINT WARNING * * *
You feel sick.
* * * LOW HITPOINT WARNING * * *
You feel sick.
You swap places.
* * * LOW HITPOINT WARNING * * *
You feel sick.
* * * LOW HITPOINT WARNING * * *
You feel sick.
You feel very mighty all of a sudden.
You die...

## ##### .###......
..<^.# ...### ##>#
##.###### ##.# .<......#
...# #@########## .....
#.5........# ##...
....?........###.# ##.##
.................#######
#
############...........#
# #####.#####.#
#....##.# #.##.##.#
#.##.##.#


You could see a friendly crimson imp.

Vanquished Creatures
  3 adders (D:2)
  3 leopard geckos (D:1)
  2 giant cockroaches (D:1)
  3 goblins (D:1)
  5 hobgoblins
  2 jackals (D:1)
  5 kobolds (D:1)
  9 bats
  5 rats
37 creatures vanquished.

Notes
Turn   | Place    | Note
-------+----------+-------------------------------------------
     0 | D:1      | Bronimir the Ogre Wizard began the quest for the Orb.
     0 | D:1      | Reached XP level 1. HP: 16/16 MP: 5/5
   453 | D:1      | Reached skill level 4 in Spellcasting
   454 | D:1      | Reached XP level 2. HP: 8/24 MP: 0/7
  1460 | D:1      | Reached XP level 3. HP: 29/31 MP: 0/9
  1785 | D:1      | Reached skill level 1 in Conjurations
  2018 | D:2      | Learned a level 2 spell: Blink
  2021 | D:2      | Learned a level 2 spell: Call Imp
  2024 | D:2      | Learned a level 2 spell: Slow
  2028 | D:2      | Learned a level 3 spell: Mephitic Cloud
  2132 | D:2      | Found an ornate altar of the Wu Jian Council.
  2328 | D:2      | Reached XP level 4. HP: 6/40 MP: 0/10
  2346 | D:2      | HP: 2/40 [poisoned by an adder]
  2710 | D:2      | HP: 2/40 [poisoned by an adder]
  2713 | D:2      | Succumbed to an adder's poison

Levels and vault maps discovered:
D:1:      evilmike_arrival_crescent, layout_basic, minivault_19
D:2:      layout_loops_ring, lemuel_coloured_pillars_altar

Skill      XL: |  1  2  3 |
---------------+----------+-----
Spellcasting   | 4 |  4.8
Dodging        | 2 |  2.1
Conjurations   | 1 |  1.3
Fighting       | |  0.8
Axes           | |  0.7
Throwing       | |  0.1
Stealth        | |  1.4
Summonings     | |  0.8
Translocations | |  0.8

Action                   |  1- 3 |  4- 6 || total
-------------------------+-------+-------++-------
Melee: Whip              |    20 |       ||    20
       Spear             |    14 |    12 ||    26
       Hand axe          |    15 |       ||    15
Throw: Dart              |     8 |       ||     8
 Cast: Magic Dart        |    78 |     4 ||    82
       Call Imp          |       |     1 ||     1
  Use: Potion            |     3 |     1 ||     4
       Scroll            |       |     1 ||     1
  Eat: Chunk             |     4 |     1 ||     5
Armor: Robe              |    39 |     3 ||    42
Dodge: Dodged            |    59 |     5 ||    64
